 Dungeon Crawl Stone Soup version 0.25-a0-179-g4c60e79 (webtiles) character file.

Game seed: 11986331549504080951, levelgen mode: deterministic

73 BeowulfAlex the Digger (level 4, -3/24 HPs)
             Began as a Gargoyle Earth Elementalist on Nov 26, 2019.
             Slain by a gnoll
             ... wielding a +0 flail
              (9 damage)
             ... on level 2 of the Dungeon.
             The game lasted 00:02:26 (1602 turns).

BeowulfAlex the Digger (GrEE)                       Turns: 1602, Time: 00:02:27

Health: -3/24      AC:  6    Str: 11    XL:     4   Next: 27%
Magic:  6/8        EV: 12    Int: 17    God:
Gold:   111        SH:  0    Dex: 10    Spells: 8/9 levels left

rFire    . . .     SeeInvis .   r - +1 dagger (venom)
rCold    . . .     Gourm    .   (no shield)
rNeg     + . .     Faith    .   c - +0 robe
rPois    ∞         Spirit   .   (no helmet)
rElec    +         Reflect  .   (no cloak)
rCorr    .         Harm     .   j - +0 pair of gloves
MR       .....                  (no boots)
Stlth    ++........             (no amulet)
HPRegen  0.08/turn              (no ring)
MPRegen  0.11/turn              (no ring)

@: no status effects
A: negative energy resistance 1, electricity resistance, unbreathing,
petrification resistance, rot immunity, AC +3
a: no special abilities


You were on level 2 of the Dungeon.
You were not hungry.

You visited 1 branch of the dungeon, and saw 2 of its levels.

You collected 111 gold pieces.

Inventory:

Hand Weapons
 a - a +0 mace of protection
 r - a +1 dagger of venom (weapon)
Missiles
 b - 34 stones (quivered)
Armour
 c - a +0 robe (worn)
 j - a +0 pair of gloves (worn)
Jewellery
 o - an uncursed ring of magical power {unknown}
Scrolls
 f - a scroll of amnesia {unknown}
 g - 2 scrolls of remove curse {unknown}
 h - 2 scrolls of immolation {unknown}
 k - a scroll of random uselessness {unknown}
 l - 2 scrolls of identify {unknown}
 m - 5 scrolls of teleportation {unknown}
 n - a scroll of blinking {unknown}
Potions
 e - a potion of curing {unknown}
 i - a potion of might {unknown}
 p - a potion of lignification {unknown}
 q - a potion of degeneration {unknown}
Comestibles
 d - 4 rations
 s - a chunk of flesh


   Skills:
 - Level 1.5 Dodging
 - Level 2.1 Stealth
 + Level 3.2 Spellcasting
   Level 0.7 Transmutations
 + Level 5.0 Earth Magic


You had 8 spell levels left.
You knew the following spells:

 Your Spells              Type           Power        Failure   Level  Hunger
a - Sandblast             Erth           ###...       2%          1    None

Your spell library contained the following spells:

 Spells                   Type           Power        Failure   Level  Hunger
 Passwall                 Tmut/Erth      ##......     9%          2    ##.....
 Stone Arrow              Conj/Erth      ##....       19%         3    ###....
 Petrify                  Tmut/Erth      ##......     47%         4    ####...
 Lee's Rapid Deconstruct  Erth           ###.......   52%         5    ######.


Dungeon Overview and Level Annotations

Branches:
Dungeon (2/15)

Altars:


Innate Abilities, Weirdness & Mutations

You are resistant to torment.
Your stone body is resilient. (AC +3)
You are immune to poison.
You resist negative energy. (rN+)
You are resistant to electric shocks. (rElec)
You can survive without breathing.
You are immune to petrification.
You are immune to rotting.


Message History

Aim: a gnoll, wielding a +0 flail and wearing a +0 robe (hasn't noticed you)
The blast of sand hits the gnoll.
The gnoll is moderately wounded.
b - 35 stones
Casting: Sandblast (safe; 2% risk of failure)
Confirm with . or Enter, or press ? or * to list all spells.
Aiming: Sandblast (safe; 2% risk of failure)
Press: ? - help, Shift-Dir - straight line, f/p - gnoll
Aim: a gnoll, wielding a +0 flail and wearing a +0 robe (moderately wounded)
The blast of sand hits the gnoll.
The gnoll is severely wounded.
b - 34 stones You hit the gnoll.
The gnoll is almost dead.
The gnoll hits you with a +0 flail.
* * * LOW HITPOINT WARNING * * *
You barely miss the gnoll.
The gnoll is almost dead.
The gnoll hits you with a +0 flail!
You die...

##.###.# ##...##.###
####.#.#.#...######.
..#.............[...
#.#..#.#.###.#######
#.#.#...## #.#
#>#)##.## #.#
#.#)##.# #.#
##.#@##.# #.#
#..g.##.# #.#
............# ##.##
#.###....####
#...###### ##...#
#.#....... #####
#...####.# ######.#
#.# #<.....# #.#
#.###### #..


You could see a gnoll.

Vanquished Creatures
  3 gnolls (D:2)
  2 adders (D:2)
  2 worms (D:2)
  A leopard gecko (D:1)
  2 bats (D:1)
  3 goblins
  A hobgoblin (D:2)
  A kobold (D:1)
  A quokka (D:2)
  3 ball pythons
  2 frilled lizards (D:1)
  3 rats
24 creatures vanquished.

Notes
Turn   | Place    | Note
-------+----------+-------------------------------------------
     0 | D:1      | BeowulfAlex the Gargoyle Earth Elementalist began the quest
                  | for the Orb.
     0 | D:1      | Reached XP level 1. HP: 10/10 MP: 3/3
   324 | D:1      | Reached skill level 4 in Earth Magic
   324 | D:1      | Reached XP level 2. HP: 11/15 MP: 5/5
  1094 | D:2      | Reached XP level 3. HP: 7/19 MP: 5/7
  1505 | D:2      | Reached XP level 4. HP: 16/24 MP: 2/8
  1515 | D:2      | Reached skill level 5 in Earth Magic
  1602 | D:2      | Slain by a gnoll

Levels and vault maps discovered:
D:1:      ncdulo_watergridlock, layout_basic
D:2:      layout_loops_ring, first_ration, kennysheep_generic_room_12

Skill      XL: |  1  2  3  4 |
---------------+-------------+-----
Earth Magic    | 4 5 |  5.0
Spellcasting   | 3 |  3.2
Dodging        | |  1.5
Stealth        | |  2.1
Transmutations | |  0.7

Action                   |  1- 3 |  4- 6 || total
-------------------------+-------+-------++-------
Melee: Unarmed           |    12 |       ||    12
       Mace              |    66 |     6 ||    72
       Dagger            |       |     2 ||     2
 Cast: Sandblast         |    10 |     5 ||    15
 Stab: Sleeping          |     3 |       ||     3
  Eat: Chunk             |     2 |       ||     2
Armor: Robe              |    35 |     2 ||    37
Dodge: Dodged            |    60 |     4 ||    64

Table legend:
 A = Non-vault XP
 B = Vault XP
 C = Vault XP percentage of total XP
 D = Non-vault monster count
 E = Vault monster count
 F = Vault count percentage of total count
                 A         B        C        D         E       F
            +---------+---------+-------+---------+---------+-------
      Total |      90 |      15 |  14.3 |      22 |       2 |   8.3
            +---------+---------+-------+---------+---------+-------
        D:1 |      18 |       0 |   0.0 |      12 |       0 |   0.0
        D:2 |      72 |      15 |  17.2 |      10 |       2 |  16.7
            +---------+---------+-------+---------+---------+-------
